 Dungeon Crawl Stone Soup version 0.30.1-11-g7821555f0a (webtiles) character file.

Game seed: 1714647958369326262

1441 HorsePiss the Chopper (level 8, 0/70 HPs)
             Began as a Minotaur Fighter on Nov 28, 2023.
             Killed from afar by a steam dragon (16 damage)
             ... with a ball of steam
             ... on level 6 of the Dungeon.
             The game lasted 00:11:48 (5994 turns).

HorsePiss the Chopper (Minotaur Fighter)            Turns: 5994, Time: 00:11:48

Health: 0/70       AC:  7    Str: 20    XL:     8   Next: 46%
Magic:  7/7        EV: 10    Int:  7    God:
Gold:   267        SH:  6    Dex: 11    Spells: 7/7 levels left

rFire   . . .        q - +4 club (spect)
rCold   . . .        c - +1 buckler
rNeg    . . .        b - +0 scale mail
rPois   .            (helmet restricted)
rElec   .            (no cloak)
rCorr   +            (no gloves)
SInv    .            (no boots)
Will    .....        (no amulet)
Stlth   +            g - ring of resist corrosion
HPRegen 0.31/turn    t - ring of wizardry
MPRegen 0.10/turn

%: wizardry (x1)
@: no status effects
A: horns 2, retaliatory headbutt
a: no special abilities


You were on level 6 of the Dungeon.
You visited 1 branch of the dungeon, and saw 6 of its levels.
You also visited: Sewer.

You collected 267 gold pieces.

Inventory:

Hand Weapons
 a - a +2 war axe
 q - a +4 spectral club (weapon)
Armour
 b - a +0 scale mail (worn)
 c - a +1 buckler (worn)
Jewellery
 g - a ring of resist corrosion (left hand)
 j - a ring of willpower
 t - a ring of wizardry (right hand)
Scrolls
 e - 2 scrolls of torment
 l - 5 scrolls of fear
 o - a scroll of fog {unknown}
 r - 2 scrolls of magic mapping {unknown}
 s - 2 scrolls of blinking {unknown}
 v - a scroll of poison {unknown}
Potions
 d - a potion of might
 f - a potion of degeneration {unknown}
 h - a potion of mutation {unknown}
 i - 5 potions of curing
 k - a potion of brilliance {unknown}
 m - a potion of heal wounds {unknown}
 n - a potion of haste {unknown}
 p - a potion of resistance {unknown}
 u - a potion of flight {unknown}
 w - 2 potions of invisibility {unknown}


   Skills:
 * Level 6.1 Fighting
 * Level 7.1(7.2) Axes
 * Level 1.3(4.6) Maces & Flails
 * Level 2.6 Throwing
 * Level 6.3 Armour
 * Level 3.2 Dodging
 * Level 2.6 Stealth
 * Level 5.1 Shields
 * Level 0.2 Spellcasting


You had 7 spell levels left.
You didn't know any spells.
Your spell library contained the following spells:

 Spells                   Type           Power      Damage    Failure   Level
 Ozocubu's Armour         Ice            0%         N/A       85%         3
 Ozocubu's Refrigeration  Ice            0%         4d7       100%        7


Dungeon Overview and Level Annotations

Branches:
Dungeon (6/15)             Temple (0/1) D:5           Sewer (visited)

Altars:
Cheibriados
Elyvilon
Ru
Trog
Zin


Innate Abilities, Weirdness & Mutations

You have a pair of horns on your head.
You reflexively headbutt those who attack you in melee.


Message History

There is a stone staircase leading down here.
You climb downwards.
There is a stone staircase leading up here.
There is a stone staircase leading up here.
A steam dragon comes into view.
The steam dragon hisses angrily.
The steam dragon breathes steam at you. The ball of steam hits you!
You are engulfed in a cloud of scalding steam.
You are engulfed in a cloud of scalding steam.
The steam dragon breathes steam at you. The ball of steam hits you!!
You are engulfed in a cloud of scalding steam.
You block the steam dragon's attack. The steam dragon barely misses you.
You hit the steam dragon. Your headbutt misses the steam dragon.
The steam dragon is lightly wounded.
Your +4 spectral club hits the steam dragon.
You are engulfed in a cloud of scalding steam.
The steam dragon bites you!
* * * LOW HITPOINT WARNING * * *
The steam dragon misses you.
You feel better.
Your +4 spectral club disappears.
You are engulfed in a cloud of scalding steam.
The steam dragon bites you.
* * * LOW HITPOINT WARNING * * *
The steam dragon claws you but does no damage.
You hit the steam dragon but do no damage.
You headbutt the steam dragon!
The steam dragon is heavily wounded.
Your +4 spectral club barely misses the steam dragon.
You block the steam dragon's attack. The steam dragon claws you.
* * * LOW HITPOINT WARNING * * *
Unknown command.
You closely miss the steam dragon. Your headbutt misses the steam dragon.
The steam dragon is heavily wounded.
Your +4 spectral club barely misses the steam dragon.
The steam dragon breathes steam at you. The ball of steam hits you!
You die...

## ######.###
##.........
#..........
#..(........
##..D........
#...@........
#............
#............
##...........
###.........
########........
#....<..........
#....######....#
##....### #####


You could see a steam dragon (catching breath) and a friendly +4 spectral club.

Vanquished Creatures
  Prince Ribbit (D:5)
  Sigmund (D:5)
  An ice beast (D:5)
  An ogre (D:4)
  3 scorpions (D:5)
  3 jellies (D:5)
  4 hounds
  2 orc priests
  3 iguanas (D:5)
  Ijyb (D:5)
  2 orc wizards (D:5)
  6 gnolls (D:4)
  8 adders
  4 river rats
  2 white imps
  8 worms
  A dart slug (D:1)
  11 orcs
  5 endoplasms
  A giant cockroach (D:3)
  11 goblins
  5 hobgoblins
  8 ball pythons
  5 bats
  2 frilled lizards (D:1)
  13 kobolds
  13 rats
125 creatures vanquished.

Vanquished Creatures (others)
  A river rat (D:5)
1 creature vanquished.

Grand Total: 126 creatures vanquished

Notes
Turn   | Place    | Note
-------+----------+-------------------------------------------
     0 | D:1      | HorsePiss the Minotaur Fighter began the quest for the Orb.
     0 | D:1      | Reached XP level 1. HP: 19/19 MP: 0/0
   177 | D:1      | Reached XP level 2. HP: 27/27 MP: 1/1
   952 | D:2      | Reached XP level 3. HP: 33/33 MP: 2/2
  1378 | D:3      | Found a faded altar of an unknown god.
  1515 | D:3      | Reached skill level 3 in Axes
  1515 | D:3      | Reached skill level 1 in Dodging
  1515 | D:3      | Reached XP level 4. HP: 23/40 MP: 3/3
  1644 | D:4      | Reached skill level 1 in Stealth
  1654 | D:4      | Reached XP level 5. HP: 30/47 MP: 4/4
  1687 | D:5      | Entered Level 5 of the Dungeon
  1691 | D:5      | Noticed an ice beast
  1703 | D:5      | Killed an ice beast
  1704 | D:5      | Reached skill level 4 in Axes
  1716 | D:5      | Reached skill level 1 in Throwing
  1758 | D:5      | Reached XP level 6. HP: 46/55 MP: 5/5
  1780 | D:5      | Reached skill level 5 in Armour
  1859 | D:5      | Reached skill level 5 in Axes
  1863 | D:5      | Reached skill level 5 in Fighting
  1897 | D:5      | Noticed Sigmund
  1905 | D:5      | Reached XP level 7. HP: 40/61 MP: 6/6
  1913 | D:5      | Killed Sigmund
  1980 | D:5      | Found a glowing drain.
  1989 | Sewer    | Entered a sewer
  2212 | Sewer    | Reached skill level 6 in Axes
  2610 | D:5      | Noticed Prince Ribbit
  2618 | D:5      | Killed Prince Ribbit
  2631 | D:5      | Reached XP level 8. HP: 49/70 MP: 7/7
  2709 | D:5      | Found a snail-covered altar of Cheibriados.
  2709 | D:5      | Found a white marble altar of Elyvilon.
  2789 | D:5      | Found a glowing silver altar of Zin.
  2810 | D:5      | Reached skill level 5 in Shields
  2825 | D:5      | Found a staircase to the Ecumenical Temple.
  2830 | D:5      | Noticed Ijyb
  2840 | D:5      | Killed Ijyb
  3089 | D:5      | Found a sacrificial altar of Ru.
  3160 | D:5      | Reached skill level 7 in Axes
  3828 | D:4      | Found a bloodstained altar of Trog.
  3843 | D:4      | Reached skill level 1 in Maces & Flails
  5994 | D:6      | Killed from afar by a steam dragon

Illustrated notes

Levels and vault maps discovered:
D:1:      nicolae_arrival_escape_room, layout_loops_corners
D:2:      layout_loops_corners, serial_rivers, chequers_serial_rivers_large_b,
          chequers_serial_rivers_micro_c, chequers_serial_rivers_marsh,
          chequers_serial_rivers_marsh, minmay_misc_feat_hallway,
          hangedman_decor_push, grunt_decor_cap
D:3:      layout_rooms, dreamdust_ecumenical_altar_angels_and_demons,
          minivault_24, nrook_mini_backslash
D:4:      layout_basic, mainiacjoe_overflow_concentric_impassable, serial_bayou,
          serial_bayou_pond_a, serial_bayou_lagoon_a, serial_bayou_pond_a,
          serial_bayou_pond_d, serial_bayou_shore_b
D:5:      layout_loops_corners, zin_statuary, mainiacjoe_overflow_paths,
          gammafunk_temple_overflow_statue, minmay_temple_entry_proselytizer,
          lightli_sewer_entry_pipes, chequers_mini_garden,
          nicolae_zen_rock_garden, uniq_ijyb, uniq_sigmund, uniq_prince_ribbit1
D:6:      layout_cave_pods, gammafunk_temple_overflow_forgotten,
          grunt_ministairs_1, nicolae_figureground_sparkle, uniq_eustachio

Skill      XL: |  1  2  3  4  5  6  7  8 |
---------------+-------------------------+-----
Armour         | 4 5 6 |  6.3
Fighting       | 4 5 6 |  6.1
Axes           | 3 4 5 6 7 |  7.1
Dodging        | 1 2 3 |  3.2
Shields        | 4 5 |  5.1
Stealth        | 1 2 |  2.6
Throwing       | 1 2 |  2.6
Maces & Flails | 1 |  1.3
Spellcasting   | |  0.2

Action                     |  1- 3 |  4- 6 |  7- 9 || total
---------------------------+-------+-------+-------++-------
  Melee: War axe           |    53 |    66 |   119 ||   238
         Headbutt          |     6 |    10 |    29 ||    45
         Club              |       |       |    78 ||    78
  Throw: Boomerang         |       |     1 |       ||     1
    Use: Scroll            |     3 |     1 |     3 ||     7
         Potion            |       |     1 |     1 ||     2
   Stab: Distracted        |       |       |     1 ||     1
 Armour: Scale mail        |    29 |    27 |    48 ||   104
  Dodge: Dodged            |    35 |    35 |    87 ||   157
  Block: Buckler           |     8 |    16 |    39 ||    63
